 Dungeon Crawl Stone Soup version 0.21-a0-380-gd65dc97 (webtiles) character file.

88 Kavrick the Chopper (level 4, 0/40 HPs)
             Began as a Hill Orc Monk on Oct 17, 2017.
             Slain by a gnoll
             ... wielding a +0 spear
              (2 damage)
             ... on level 3 of the Dungeon.
             The game lasted 00:02:56 (2854 turns).

Kavrick the Chopper (Hill Orc Monk)                 Turns: 2854, Time: 00:02:56

Health: 0/40       AC:  3    Str: 14    XL:     4   Next: 53%
Magic:  4/4        EV: 13    Int: 10    God:
Gold:   77         SH:  0    Dex: 13    Spells: 3/3 levels left

rFire    . . .     SeeInvis .   a - +0 hand axe
rCold    . . .     Gourm    .   (no shield)
rNeg     . . .     Faith    .   b - +0 robe
rPois    .         Spirit   .   l - +0 helmet
rElec    .         Reflect  .   (no cloak)
rCorr    .         Harm     .   (no gloves)
MR       .....                  (no boots)
Stlth    ++........             (no amulet)
HPRegen  0.13/turn              (no ring)
MPRegen  0.09/turn              (no ring)

@: no status effects
A: no striking features
a: no special abilities


You were on level 3 of the Dungeon.
You were not hungry.

You visited 1 branch of the dungeon, and saw 3 of its levels.

You collected 77 gold pieces.

Inventory:

Hand Weapons
 a - a +0 hand axe (weapon)
Armour
 b - a +0 robe (worn)
 l - a +0 helmet (worn)
Jewellery
 i - a +6 amulet of reflection {unknown}
Scrolls
 f - a scroll of recharging {unknown}
 g - a scroll of remove curse {unknown}
 k - 2 scrolls of identify {unknown}
Potions
 e - 2 potions of brilliance {unknown}
 h - 2 potions of magic {unknown}
 j - a potion of agility {unknown}
 n - a potion of curing
 o - a potion of resistance {unknown}
Comestibles
 c - 3 bread rations
 d - 2 royal jellies
 m - a chunk of flesh


   Skills:
 + Level 4.2 Fighting
 * Level 5.3 Axes
 + Level 1.7 Armour
 - Level 2.4 Dodging
 + Level 2.2 Stealth


You had 3 spell levels left.
You didn't know any spells.

Dungeon Overview and Level Annotations

Branches:
Dungeon (3/15)

Altars:
Ashenzari
Elyvilon
Fedhas
Nemelex Xobeh
Sif Muna


Message History

The gnoll is almost dead.
You closely miss the orc. The gnoll barely misses you.
The gnoll hits you from afar with a spear.
The orc hits you.
* * * LOW HITPOINT WARNING * * *
You hit the gnoll but do no damage.
The gnoll is almost dead.
You hit the orc. The gnoll hits you with a halberd.
* * * LOW HITPOINT WARNING * * *
The gnoll barely misses you. The orc hits you.
* * * LOW HITPOINT WARNING * * *
A frilled lizard comes into view.
The frilled lizard hisses angrily.
You hit the gnoll.
You kill the gnoll!
You hit the orc.
You kill the orc!
The frilled lizard moves out of view.
The gnoll hits you from afar with a spear.
You die...

....####.#...#.######.##...#
....# #)#...#.# #.#######
....# #....... #.. ...#
.#### ..#...#####
##.#####.##### .#### ....#
#.. ...#......... ....# #.#
#....##.##### ###.#
#.#####.####..# #.# # #.#
#.glgg)....#..####.# .
#@##.#.......# .# .#
#.......###### #.#..#
####.#### ..g..# #.# .....#
#.# #.##... #.# #.# . #.# #
. ... # ## .#.


You could see 3 gnolls and a leopard gecko.

Vanquished Creatures
  Robin (D:2)
  A gnoll (D:3)
  2 adders
  A worm (D:2)
  A leopard gecko (D:3)
  An orc (D:3)
  A ball python (D:1)
  3 bats
  A giant cockroach (D:1)
  10 goblins
  10 hobgoblins
  3 kobolds
  2 frilled lizards
  6 rats
43 creatures vanquished.

Notes
Turn   | Place    | Note
-------+----------+-------------------------------------------
     0 | D:1      | Kavrick the Hill Orc Monk began the quest for the Orb.
     0 | D:1      | Reached XP level 1. HP: 19/19 MP: 1/1
   351 | D:1      | Reached XP level 2. HP: 19/27 MP: 2/2
   996 | D:2      | Reached skill level 1 in Armour
  1178 | D:2      | Found a blossoming altar of Fedhas.
  1318 | D:2      | Found a sparkling altar of Nemelex Xobeh.
  1333 | D:2      | Noticed Robin
  1395 | D:2      | Reached XP level 3. HP: 31/33 MP: 3/3
  1438 | D:2      | Killed Robin
  1879 | D:2      | Reached skill level 5 in Axes
  1879 | D:2      | Reached XP level 4. HP: 22/40 MP: 4/4
  2213 | D:2      | Found a shattered altar of Ashenzari.
  2213 | D:2      | Found a deep blue altar of Sif Muna.
  2481 | D:3      | Found a white marble altar of Elyvilon.
  2853 | D:3      | HP: 1/40 [orc (3)]
  2854 | D:3      | Slain by a gnoll

Vault maps used:
D:1:      mrwooster_arrival_arrow
D:2:      minmay_door_path, old_standard_altar,
          gammafunk_temple_overflow_elements, nemelex_diamond_rough_becter,
          uniq_robin
D:3:      nicolae_overflow_crystal_walls, first_bread

Skill      XL: |  1  2  3 |
---------------+----------+-----
Armour         | 1 |  1.7
Fighting       | 4 |  4.2
Stealth        | 2 |  2.2
Axes           | 5 |  5.3
Dodging        | |  2.4

Action                   |  1- 3 |  4- 6 || total
-------------------------+-------+-------++-------
Melee: Hand axe          |   130 |    36 ||   166
 Stab: Sleeping          |     4 |     2 ||     6
       Distracted        |     1 |       ||     1
  Eat: Chunk             |     3 |     3 ||     6
Armor: Robe              |    12 |    11 ||    23
Dodge: Dodged            |    83 |    35 ||   118

Table legend:
 A = Spawn XP
 B = Non-spawn XP
 C = Spawn XP percentage of total XP
 D = Spawn monster count
 E = Non-spawn monster count
 F = Spawn count percentage of total count
 G = Total turns spent on level
                    A         B        C        D         E        F      G
               +---------+---------+-------+---------+---------+-------+---------
         Total |       0 |     126 |   0.0 |       0 |      43 |   0.0 |  2854
               +---------+---------+-------+---------+---------+-------+---------
           D:1 |       0 |      25 |   0.0 |       0 |      15 |   0.0 |  1255
           D:2 |       0 |      62 |   0.0 |       0 |      20 |   0.0 |  1429
           D:3 |       0 |      39 |   0.0 |       0 |       8 |   0.0 |   170
               +---------+---------+-------+---------+---------+-------+---------
